 Dungeon Crawl Stone Soup version 0.26.0-15-gc6cd9f700b (webtiles) character file.

Game seed: 10957632841876092167

200 EnegeticOcto the Stinger (level 5, 0/37 HPs)
             Began as a Gnoll Venom Mage on Jan 16, 2021.
             Slain by a bullfrog skeleton (3 damage)
             ... on level 5 of the Dungeon.
             The game lasted 00:05:15 (630 turns).

EnegeticOcto the Stinger (Gnoll Venom Mage)          Turns: 630, Time: 00:05:16

Health: 0/37       AC:  2    Str: 10    XL:     5   Next: 78%
Magic:  3/12       EV: 15    Int: 18    God:
Gold:   126        SH:  0    Dex: 16    Spells: 0/14 levels left

rFire    . . .     SeeInvis .   e - +0 short sword
rCold    . . .     Faith    .   (no shield)
rNeg     . . .     Spirit   .   a - +0 robe
rPois    .         Reflect  .   (no helmet)
rElec    .         Harm     .   (no cloak)
rCorr    .         Rampage  .   (no gloves)
Will     .....                  (no boots)
Stlth    +++.......             (no amulet)
HPRegen  0.12/turn              (no ring)
MPRegen  0.13/turn              (no ring)

@: no status effects
A: distributed training, fangs 1, strong nose
a: no special abilities


You were on level 5 of the Dungeon.
You visited 1 branch of the dungeon, and saw 7 of its levels.

You collected 126 gold pieces.

Inventory:

Hand Weapons
 e - a +0 short sword (weapon)
   (You took it off a kobold on level 2 of the Dungeon)
Armour
 a - a +0 robe (worn)
Wands
 i - a wand of polymorph (8)
   (You found it on level 6 of the Dungeon)
Scrolls
 c - a scroll of enchant weapon
Potions
 b - a potion of might {@q3 !q}
 d - a potion of heal wounds {@q2 !q}
 f - a potion of attraction
 h - a potion of magic


   Skills:
 + Level 1.6 Fighting
 + Level 1.6 Short Blades
 + Level 1.6 Long Blades
 + Level 1.6 Axes
 + Level 1.6 Maces & Flails
 + Level 1.6 Polearms
 + Level 1.6 Staves
 + Level 1.6 Slings
 + Level 1.6 Bows
 + Level 1.6 Crossbows
 + Level 1.6 Throwing
 + Level 1.6 Armour
 + Level 4.8 Dodging
 + Level 4.4 Stealth
 + Level 1.6 Shields
 + Level 1.6 Unarmed Combat
 + Level 5.2 Spellcasting
 + Level 1.3 Conjurations
 + Level 1.3 Hexes
 + Level 1.3 Summonings
 + Level 1.3 Necromancy
 + Level 1.3 Translocations
 + Level 2.4 Transmutations
 + Level 1.3 Fire Magic
 + Level 1.3 Ice Magic
 + Level 1.3 Air Magic
 + Level 1.3 Earth Magic
 + Level 5.6 Poison Magic
 + Level 1.8 Invocations
 + Level 1.6 Evocations


You couldn't memorise any spells.
You knew the following spells:

 Your Spells              Type           Power        Failure   Level
a - Sting                 Tmut/Pois      76%          2%          1
b - Poisonous Vapours     Pois/Air       34%          4%          2
c - Olgreb's Toxic Radia  Pois           24%          13%         4
d - Mephitic Cloud        Conj/Pois/Air  14%          13%         3
e - Ignite Poison         Fire/Tmut/Pois 16%          11%         3
f - Apportation           Tloc           18%          8%          1

Your spell library contained the following spells:

 Spells                   Type           Power        Failure   Level
 Animate Skeleton         Necr           18%          8%          1
 Corona                   Hex            10%          8%          1
 Summon Small Mammal      Summ           36%          8%          1


Dungeon Overview and Level Annotations

Branches:
Dungeon (7/15)
 Temple: D:4-7

Altars:


Innate Abilities, Weirdness & Mutations

Your experience applies equally to all skills.
You have very sharp teeth.
Your uncanny sense of smell can sniff out nearby items.


Message History

As you read the scroll labelled YNEWKEBUJY, it crumbles to dust.
You feel aware of your surroundings.
You sensed 1 shop/portal.
It was a scroll of magic mapping.
Found a stone staircase leading up.
A leopard gecko comes into view.
Found a stone staircase leading up.
There is a stone staircase leading up here.
You climb upwards.
The hound barks!
The hound closely misses you. The hound bites you.
Found a spiked ring mail and a leather armour.
There is a stone staircase leading down, spattered with blood here.
Casting: Apportation (safe; 8% risk of failure)
Confirm with . or Enter, or press ? or * to list all spells.
Aiming: Poisonous Vapours (safe; 4% risk of failure)
Press: ? - help, Dir - move target, f - hound
Aim: a hound You miscast Poisonous Vapours.
You are very lightly contaminated with residual magic.
Nothing appears to happen.
The hound closely misses you.
A bullfrog skeleton comes into view.
The hound misses you.
Casting: Poisonous Vapours (safe; 4% risk of failure)
Confirm with . or Enter, or press ? or * to list all spells.
Aiming: Poisonous Vapours (safe; 4% risk of failure)
Press: ? - help, Dir - move target, f/p - hound
Aim: a hound Poisonous vapours surround the hound!
The hound is engulfed in poison gas.
The hound is poisoned.
The hound bites you.
Casting: Poisonous Vapours (safe; 4% risk of failure)
Confirm with . or Enter, or press ? or * to list all spells.
Aiming: Poisonous Vapours (safe; 4% risk of failure)
Press: ? - help, Dir - move target, f/p - hound
Aim: a hound (lightly wounded, poisoned)
You miscast Poisonous Vapours.
Nothing appears to happen.
The hound bites you. The hound closely misses you.
Casting: Poisonous Vapours (safe; 4% risk of failure)
Confirm with . or Enter, or press ? or * to list all spells.
Aiming: Poisonous Vapours (safe; 4% risk of failure)
Press: ? - help, Dir - move target, f/p - hound
Aim: a hound (lightly wounded, poisoned) Poisonous vapours surround the hound!
The hound looks even sicker.
The hound bites you but does no damage.
Casting: Poisonous Vapours (safe; 4% risk of failure)
Confirm with . or Enter, or press ? or * to list all spells.
Aiming: Poisonous Vapours (safe; 4% risk of failure)
Press: ? - help, Dir - move target, f/p - hound
Aim: a hound (moderately wounded, very poisoned) Poisonous vapours surround the hound!
The hound is engulfed in poison gas.
The hound looks even sicker.
The hound closely misses you.
The hound is engulfed in poison gas.
The hound looks as sick as possible!
The hound bites you.
You are too injured to fight recklessly!
You are too injured to fight recklessly!
You are too injured to fight recklessly!
You are too injured to fight recklessly!
You hit the hound but do no damage.
The hound is severely wounded.
The hound misses you.
You hit the hound. You bite the hound, but do no damage.
The hound is almost dead.
You kill the hound!
You hit the bullfrog skeleton.
The bullfrog skeleton is lightly damaged.
The bullfrog skeleton hits you. x2
You hit the bullfrog skeleton but do no damage.
The bullfrog skeleton is lightly damaged.
The bullfrog skeleton hits you but does no damage.
You barely miss the bullfrog skeleton. Your bite misses the bullfrog skeleton.
The bullfrog skeleton is lightly damaged.
The bullfrog skeleton hits you.
* * * LOW HITPOINT WARNING * * *
You hit the bullfrog skeleton.
The bullfrog skeleton is moderately damaged.
The bullfrog skeleton barely misses you.
The bullfrog skeleton misses you.
Found 11 gold pieces and 14 stones.
Casting: Poisonous Vapours (safe; 4% risk of failure)
Confirm with . or Enter, or press ? or * to list all spells.
Aiming: Sting (safe; 2% risk of failure)
Press: ? - help, Shift-Dir - straight line, f - bullfrog skeleton
Aim: a bullfrog skeleton (moderately damaged, 9% to evade)
The sting hits the bullfrog skeleton.
The bullfrog skeleton partially resists.
The bullfrog skeleton is heavily damaged.
The bullfrog skeleton hits you but does no damage.
You hit the bullfrog skeleton.
The bullfrog skeleton is heavily damaged.
The bullfrog skeleton hits you.
* * * LOW HITPOINT WARNING * * *
The bullfrog skeleton barely misses you.
Your magical contamination has completely faded away.
You hit the bullfrog skeleton.
The bullfrog skeleton is heavily damaged.
The bullfrog skeleton hits you!
* * * LOW HITPOINT WARNING * * *
You hit the bullfrog skeleton but do no damage.
The bullfrog skeleton is heavily damaged.
The bullfrog skeleton hits you.
You die...

# #.
#[[#######..#
#.#.........(.#
#......@##
###..#$#Z# #
..###..# ###
#.# ... ∆ ##. #


You could see a bullfrog skeleton.

Vanquished Creatures
  2 hounds
  An orc wizard (D:3)
  A worker ant (D:5)
  Terence (D:2)
  A gnoll (D:2)
  2 adders
  A white imp (D:4)
  An adder zombie (D:6)
  An adder skeleton (D:4)
  A worm (D:3)
  A leopard gecko (D:3)
  6 orcs
  3 bats
  A kobold (D:2)
  A rat (D:3)
24 creatures vanquished.

Vanquished Creatures (others)
  2 worker ants (D:5)
  An orc (D:5)
  2 quokkas (D:5)
5 creatures vanquished.

Grand Total: 29 creatures vanquished

Notes
Turn   | Place    | Note
-------+----------+-------------------------------------------
     0 | D:1      | EnegeticOcto the Gnoll Venom Mage began the quest for the
                  | Orb.
     0 | D:1      | Reached XP level 1. HP: 13/13 MP: 6/6
    75 | D:2      | Reached skill level 2 in Transmutations
    75 | D:2      | Reached XP level 2. HP: 20/20 MP: 1/7
    78 | D:2      | Learned a level 2 spell: Poisonous Vapours
   115 | D:2      | Noticed Terence
   126 | D:2      | Killed Terence
   127 | D:2      | Reached skill level 5 in Spellcasting
   127 | D:2      | Reached XP level 3. HP: 23/25 MP: 1/9
   195 | D:3      | Reached skill level 1 in Invocations
   217 | D:3      | Reached skill level 1 in Fighting
   217 | D:3      | Reached skill level 1 in Short Blades
   217 | D:3      | Reached skill level 1 in Long Blades
   217 | D:3      | Reached skill level 1 in Axes
   217 | D:3      | Reached skill level 1 in Maces & Flails
   217 | D:3      | Reached skill level 1 in Polearms
   217 | D:3      | Reached skill level 1 in Staves
   217 | D:3      | Reached skill level 1 in Slings
   217 | D:3      | Reached skill level 1 in Bows
   217 | D:3      | Reached skill level 1 in Crossbows
   217 | D:3      | Reached skill level 1 in Throwing
   217 | D:3      | Reached skill level 1 in Armour
   217 | D:3      | Reached skill level 1 in Shields
   217 | D:3      | Reached skill level 1 in Unarmed Combat
   217 | D:3      | Reached skill level 1 in Evocations
   246 | D:3      | Reached XP level 4. HP: 12/32 MP: 0/11
   271 | D:3      | Reached skill level 1 in Conjurations
   271 | D:3      | Reached skill level 1 in Hexes
   271 | D:3      | Reached skill level 1 in Summonings
   271 | D:3      | Reached skill level 1 in Necromancy
   271 | D:3      | Reached skill level 1 in Translocations
   271 | D:3      | Reached skill level 1 in Fire Magic
   271 | D:3      | Reached skill level 1 in Ice Magic
   271 | D:3      | Reached skill level 1 in Air Magic
   271 | D:3      | Reached skill level 1 in Earth Magic
   301 | D:3      | Learned a level 4 spell: Olgreb's Toxic Radiance
   305 | D:3      | Learned a level 3 spell: Mephitic Cloud
   309 | D:3      | Learned a level 3 spell: Ignite Poison
   383 | D:4      | Reached XP level 5. HP: 18/37 MP: 4/12
   438 | D:5      | Entered Level 5 of the Dungeon
   451 | D:5      | Learned a level 1 spell: Apportation
   630 | D:5      | Slain by a bullfrog skeleton

Illustrated notes

Levels and vault maps discovered:
D:1:      elethiomel_arrival_shortcut, layout_loops_corners, serial_forest,
          infiniplex_forest_end_2, infiniplex_forest_straight_4,
          infiniplex_forest_corner_1, infiniplex_forest_lined_ring,
          infiniplex_forest_lined_corner
D:2:      layout_basic, uniq_terence
D:3:      layout_loops_ring
D:4:      layout_basic, grunt_temple_overflow_forces_of_nature,
          lightli_ossuary_entry_decrepit_ruins, uniq_natasha
D:5:      layout_loops_ring, xom_confusion_cloud, serial_shops, shop
D:6:      layout_basic, serial_shops, kennysheep_mini_moat, chequers_garden,
          uniq_blork_the_orc, uniq_maggie
D:7:      layout_basic, lightli_temple_of_fire, dancing_weapons_uskayaw,
          kennysheep_little_box, minmay_temple_entry_proselytizer, uniq_duvessa,
          uniq_harold

Skill      XL: |  1  2  3  4 |
---------------+-------------+-----
Transmutations | 2 |  2.4
Spellcasting   | 5 |  5.2
Invocations    | 1 |  1.8
Fighting       | 1 |  1.6
Short Blades   | 1 |  1.6
Long Blades    | 1 |  1.6
Axes           | 1 |  1.6
Maces & Flails | 1 |  1.6
Polearms       | 1 |  1.6
Staves         | 1 |  1.6
Slings         | 1 |  1.6
Bows           | 1 |  1.6
Crossbows      | 1 |  1.6
Throwing       | 1 |  1.6
Armour         | 1 |  1.6
Shields        | 1 |  1.6
Unarmed Combat | 1 |  1.6
Evocations     | 1 |  1.6
Conjurations   | 1 |  1.3
Hexes          | 1 |  1.3
Summonings     | 1 |  1.3
Necromancy     | 1 |  1.3
Translocations | 1 |  1.3
Fire Magic     | 1 |  1.3
Ice Magic      | 1 |  1.3
Air Magic      | 1 |  1.3
Earth Magic    | 1 |  1.3
Dodging        | |  4.8
Stealth        | |  4.4
Poison Magic   | |  5.6

Action                   |  1- 3 |  4- 6 || total
-------------------------+-------+-------++-------
Melee: Short sword       |    24 |    25 ||    49
       Bite              |     2 |     3 ||     5
 Cast: Sting             |    10 |     5 ||    15
       Poisonous Vapours |     7 |    14 ||    21
       Apportation       |       |     3 ||     3
  Use: Scroll            |     2 |     8 ||    10
 Stab: Sleeping          |       |     1 ||     1
Armor: Robe              |    17 |    23 ||    40
Dodge: Dodged            |    55 |    69 ||   124
